 Dungeon Crawl Stone Soup version 0.31-a0-700-gf13585253f (webtiles) character file.

Game seed: 5281968961064174876

128 runemasterragnar the Ruffian (level 4, -1/34 HPs)
             Began as a Demonspawn Shapeshifter on Sept 7, 2023.
             Was a Follower of Trog.
             Slain by a hobgoblin (3 damage)
             ... led by Robin
             ... on level 3 of the Dungeon.
             The game lasted 00:02:11 (2278 turns).

runemasterragnar the Ruffian (DsSh)                 Turns: 2278, Time: 00:02:12

Health: -1/34      AC:  4    Str: 16    XL:     4   Next: 86%
Magic:  4/4        EV: 12    Int: 11    God:    Trog [*.....]
Gold:   122        SH:  0    Dex: 13    Spells: 3/3 levels left

rFire   . .          .
                       - Unarmed
rCold   . . .        (no shield)
rNeg    . . .        a - +0 animal skin
rPois   .            (helmet currently unavailable)
rElec   .            (cloak currently unavailable)
rCorr   .            (gloves currently unavailable)
SInv    .            (boots currently unavailable)
Will    .....        (no amulet)
Stlth   +            (no ring)
HPRegen 0.25/turn    (no ring)
MPRegen 0.09/turn

%: no passive effects
@: beast-form
A: beast (slay +1), hooves 1, yellow scales 1, demonic guardian 1
a: Begin Untransformation, Renounce Religion, Berserk


You were on level 3 of the Dungeon.
You worshipped Trog.
Trog was aware of your devotion.
You were a hulking beast.
You visited 1 branch of the dungeon, and saw 3 of its levels.

You collected 122 gold pieces.

Inventory:

Armour
 a - a +0 animal skin (worn)
 p - a +1 hat of willpower
Jewellery
 f - a ring of magical power
Talismans
 c - a beast talisman (active)
 d - a flux talisman
Wands
 k - a wand of digging (8)
Scrolls
 e - 4 scrolls of identify {unknown}
 h - a scroll of teleportation {unknown}
 i - 2 scrolls of amnesia {unknown}
 m - a scroll of vulnerability {unknown}
 n - a scroll of poison {unknown}
Potions
 b - a potion of lignification
 g - a potion of ambrosia {unknown}
 j - a potion of cancellation {unknown}
 l - 3 potions of curing {unknown}
 o - a potion of enlightenment {unknown}


   Skills:
 + Level 2.4 Fighting
 + Level 2.7 Dodging
 + Level 3.4 Unarmed Combat
 + Level 3.3 Shapeshifting


You had 3 spell levels left.
You didn't know any spells.
Your spell library contained the following spells:

 Spells                   Type           Power      Damage    Failure   Level
 Apportation              Tloc           0%         N/A       34%         1
 Necrotise                Necr           0%         1d4       34%         1
 Summon Small Mammal      Summ           0%         N/A       34%         1
 Ensorcelled Hibernation  Hex/Ice        0%         N/A       47%         2
 Passwall                 Tmut/Erth      0%         N/A       47%         2
 Dazzling Flash           Conj/Hex       0%         N/A       71%         3
 Gell's Gravitas          Tloc           0%         N/A       71%         3
 Hailstorm                Conj/Ice       0%         3d3       71%         3
 Swiftness                Air            0%         N/A       71%         3
 Teleport Other           Tloc           0%         N/A       71%         3
 Summon Ice Beast         Ice/Summ       0%         N/A       98%         4
 Agony                    Necr           0%         N/A       100%        5
 Silence                  Hex/Air        0%         N/A       100%        5
 Dispersal                Tloc           0%         N/A       100%        6
 Simulacrum               Ice/Necr       0%         N/A       100%        6


Dungeon Overview and Level Annotations

Branches:
Dungeon (3/15)

Altars:
Dithmenos
Hepliaklqana
Ru
Trog


Innate Abilities, Weirdness & Mutations

You are a hulking beast.
Your limbs bulge with bestial killing power. (Slay +1)
You have large cloven feet.
You are partially covered in yellow scales. (AC +2)
A weak demonic guardian rushes to your aid.


Message History

Your iron imp hits Natasha!
Unknown command.
You hit Natasha but do no damage. Your kick misses Natasha.
Natasha is severely wounded.
The goblin hits you with a +0 club.
* * * LOW HITPOINT WARNING * * *
The hobgoblin hits you.
* * * LOW HITPOINT WARNING * * *
Natasha barely misses you.
Unknown command.
You completely miss Natasha.
Natasha is severely wounded.
The goblin barely misses you.
The hobgoblin hits you but does no damage.
Your iron imp misses Natasha.
Unknown command.
Unknown command.
You hit Natasha. Your kick misses Natasha.
Natasha is almost dead.
Natasha barely misses you. The hobgoblin misses you.
The goblin closely misses you.
Your iron imp closely misses Natasha.
Unknown command.
You completely miss Natasha. Your kick misses Natasha.
Natasha is almost dead.
Natasha stares at you and mumbles some strange words.
The magic dart hits you.
* * * LOW HITPOINT WARNING * * *
The hobgoblin hits you.
* * * LOW HITPOINT WARNING * * *
The goblin misses you.
Your iron imp closely misses Natasha.
Unknown command.
You hit Natasha.
You kill Natasha!
Trog accepts your kill.
Trog appreciates your killing of a magic user.
Natasha yowls pathetically as she dies!
The goblin hits you with a +0 club.
* * * LOW HITPOINT WARNING * * *
The hobgoblin hits you.
You die...

#.# #..##########.... #.#
#.(#....# #######
####.#####....##.# #.#####
#.....#........#.###......
##.##..#.##.....#.#....(...
.......................##..#
#########..#.##..#..........
..##.g5..#..#...#.##... #
#.##..h###..#...#.##### #.
#.##.)g###..#.....#
#.###.##...#.#..#.#.###
#..)................#
##................#.#
####......####.####...#
...'......'....# #####
####......##..##
..............#


You could see a hobgoblin (strong), a goblin (strong, ally target) and a
friendly iron imp (summoned).

Vanquished Creatures
  Natasha (twice) (D:3)
  Robin (D:3)
  An adder (D:2)
  A worm (D:3)
  An orc (D:3)
  10 bats
  5 endoplasms
  3 giant cockroaches
  11 hobgoblins
  3 jackals (D:2)
  2 quokkas
  4 ball pythons
  2 frilled lizards (D:2)
  12 goblins
  6 kobolds
  11 rats
  A spectral orc (D:3)
76 creatures vanquished.

Notes
Turn   | Place    | Note
-------+----------+-------------------------------------------
     0 | D:1      | runemasterragnar the Demonspawn Shapeshifter began the
                  | quest for the Orb.
     0 | D:1      | Reached XP level 1. HP: 15/15 MP: 1/1
   310 | D:1      | Gained mutation: You have large cloven feet. [demonic
                  | ancestry]
   310 | D:1      | Reached XP level 2. HP: 21/21 MP: 2/2
   969 | D:2      | Gained mutation: A weak demonic guardian rushes to your
                  | aid. [demonic ancestry]
   969 | D:2      | Reached XP level 3. HP: 19/26 MP: 3/3
  1735 | D:3      | Gained mutation: You are partially covered in yellow
                  | scales. (AC +2) [demonic ancestry]
  1735 | D:3      | Reached XP level 4. HP: 27/33 MP: 4/4
  1860 | D:3      | Noticed Natasha
  1870 | D:3      | Killed Natasha
  1924 | D:3      | Found a faded altar of an unknown god.
  1970 | D:3      | Prayed at the altar of an unknown god.
  1970 | D:3      | Became a worshipper of Trog the Wrathful
  1970 | D:3      | Reached * piety under Trog
  2048 | D:3      | Found a shadowy altar of Dithmenos.
  2116 | D:3      | Found a sacrificial altar of Ru.
  2173 | D:3      | Found a hazy altar of Hepliaklqana.
  2261 | D:3      | Noticed Robin
  2264 | D:3      | Noticed Natasha
  2272 | D:3      | Killed Robin
  2278 | D:3      | Killed Natasha
  2278 | D:3      | Slain by a hobgoblin

Illustrated notes

Levels and vault maps discovered:
D:1:      dpeg_arrival_short_road, layout_basic
D:2:      layout_loops_ring, basic_altar
D:3:      layout_basic, mainiacjoe_overflow_six_doors_small,
          nicolae_overflow_ecumenical_swirl,
          nicolae_hepliaklqana_monster_ancestors, lemuel_round_altar,
          ebering_ecumenical_altar_sacrificial, uniq_robin, uniq_terence,
          uniq_natasha

Skill      XL: |  1  2  3 |
---------------+----------+-----
Dodging        | 2 |  2.7
Unarmed Combat | 3 |  3.4
Shapeshifting  | 3 |  3.3
Fighting       | 2 |  2.4

Action                     |  1- 3 |  4- 6 || total
---------------------------+-------+-------++-------
  Melee: Unarmed           |   114 |    63 ||   177
         Punch             |     3 |     1 ||     4
         Kick              |    18 |     8 ||    26
   Stab: Sleeping          |     1 |       ||     1
 Armour: Animal skin       |    45 |    38 ||    83
  Dodge: Dodged            |    67 |    39 ||   106

Table legend: (Time is in decaauts)
 A = Elapsed time spent in this place.
 B = Non-inter-level travel time spent in this place.
 C = Inter-level travel time spent in this place.
 D = Time resting spent in this place.
 E = Time spent auto-exploring this place.
 F = Levels seen in this place.
 G = Mean time per level.
                   A        B        C        D        E       F      G
               +--------+--------+--------+--------+--------+-----+--------+
         Total |   2266 |   2191 |     75 |      0 |   1763 |   3 |  755.3 |
       Dungeon |   2266 |   2191 |     75 |      0 |   1763 |   3 |  755.3 |
               +--------+--------+--------+--------+--------+-----+--------+

Top non-repeatable levels by time:
     D:1: 821 daAuts
     D:2: 807 daAuts
     D:3: 637 daAuts
